 Dungeon Crawl Stone Soup version 0.24-a0-446-g87df7205b4 (webtiles) character file.

Game seed: 9262183442519273803

18 theanonym the Ruffian (level 2, -1/23 HPs)
             Began as a Draconian Transmuter on June 23, 2019.
             Slain by a leopard gecko (2 damage)
             ... on level 1 of the Dungeon.
             The game lasted 00:00:52 (804 turns).

theanonym the Ruffian (Draconian Transmuter)         Turns: 804, Time: 00:00:53

Health: -1/23      AC:  4    Str: 12    XL:     2   Next: 51%
Magic:  4/5        EV: 12    Int: 13    God:
Gold:   25         SH:  0    Dex: 11    Spells: 4/5 levels left

rFire    . . .     SeeInvis .     - Unarmed
rCold    . . .     Gourm    .   (no shield)
rNeg     . . .     Faith    .   (armour unavailable)
rPois    .         Spirit   .   (helmet restricted)
rElec    .         Reflect  .   (no cloak)
rCorr    .         Harm     .   (no gloves)
MR       .....                  (no boots)
Stlth    +.........             (no amulet)
HPRegen  0.07/turn              (no ring)
MPRegen  0.09/turn              (no ring)

@: appendage (expiring)
A: unfitting armour, horns 2, cold-blooded, AC +4
a: End Transformation


Innate Abilities, Weirdness & Mutations

Your plain brown scales are hard. (AC +4)
You cannot fit into any form of body armour.
You are cold-blooded and may be slowed by cold attacks.
You have a pair of horns on your head.


   Skills:
 - Level 1.1 Fighting
 - Level 1.7 Dodging
 + Level 3.4 Unarmed Combat
 - Level 2.0 Spellcasting
 + Level 2.6 Transmutations


You had 4 spell levels left.
You knew the following spells:

 Your Spells              Type           Power        Failure   Level  Hunger
a - Beastly Appendage     Tmut           #.....       9%          1    ##.....

Your spell library contained the following spells:

 Spells                   Type           Power        Failure   Level  Hunger
 Sticks to Snakes         Tmut           #.......     13%         2    ###....
 Spider Form              Tmut/Pois      #.........   41%         3    ####...
 Ice Form                 Ice/Tmut       #.......     83%         4    #####..
 Blade Hands              Tmut           #.........   94%         5    ######.

Action                   || total
-------------------------++-------
Melee: Unarmed           ||    52
       Tailslap          ||     4
       Kick              ||     4
       Headbutt          ||     1
 Cast: Beastly Appendage ||     7
  Use: Scroll            ||     1
Armor: Skin              ||    16
Dodge: Dodged            ||    33

Inventory:

Missiles
 a - 41 arrows
Scrolls
 d - a scroll of enchant armour
Comestibles
 b - a chunk of flesh
 e - a ration


You were on level 1 of the Dungeon.
You were not hungry.
You had grown temporary horns.
You visited 1 branch of the dungeon, and saw 1 of its levels.

You collected 25 gold pieces.

Dungeon Overview and Level Annotations

Branches:
Dungeon (1/15)

Altars:

#.......#.... . .#.
###.#.....###..## .. .....
...................
#.##.#.###.
#######.#####...# ....#....
#####.#####...# #......#
#...#.##....... #......##
#.#.#....#.....
+......†#####.#...##..)#...
#.......wl@...###.##.....#.
#.......####....).#........
#....)..# #......#........
+...†)..# #......#.)....#.
#......## #......+....#...
........# #......##.#.....
..........#
#......#.......#
.....!...##
########.##....# ..........
#...........#


You could see a dart slug and a leopard gecko.

Notes
Turn   | Place    | Note
-------+----------+-------------------------------------------
     0 | D:1      | theanonym the Draconian Transmuter began the quest for the
                  | Orb.
     0 | D:1      | Reached XP level 1. HP: 16/16 MP: 3/3
    55 | D:1      | HP: 7/16 [hobgoblin (3)]
   348 | D:1      | HP: 8/16 [giant cockroach (2)]
   349 | D:1      | Reached XP level 2. HP: 12/23 MP: 3/5
   793 | D:1      | HP: 11/23 [dart slug/slug dart (6)]
   800 | D:1      | HP: 3/23 [leopard gecko (4)]
   802 | D:1      | HP: 1/23 [leopard gecko (1)]
   804 | D:1      | Slain by a leopard gecko

Vanquished Creatures
  A leopard gecko (D:1)
  A giant cockroach (D:1)
  A goblin (D:1)
  3 hobgoblins (D:1)
  2 jackals (D:1)
  2 bats (D:1)
  3 frilled lizards (D:1)
  3 kobolds (D:1)
  2 rats (D:1)
18 creatures vanquished.

Table legend:
 A = Turns spent in this place as a percentage of turns spent in the entire game.
 B = Non-inter-level travel turns spent in this place as a percentage of non-inter-level travel turns spent in the entire game.
 C = Inter-level travel turns spent in this place as a percentage of turns spent in this place.
 D = Turns resting spent in this place as a percentage of non-inter-level travel turns spent in this place.
 E = Turns spent auto-exploring this place as a percentage of non-inter-level travel turns spent in this place.
 F = Non-inter-level travel turns spent in this place divided by the number of levels of this place that you've seen.
                   A       B       C       D       E      F
               +-------+-------+-------+-------+-------+----------------------
         Total | 100.0 | 100.0 |   0.0 |  60.8 |  25.4 | 804.0
       Dungeon | 100.0 | 100.0 |   0.0 |  60.8 |  25.4 | 804.0
               +-------+-------+-------+-------+-------+----------------------
